 Dungeon Crawl Stone Soup version 0.28.0-45-g0d030f2227 (webtiles) character file.

Game seed: 4605258921946825362

21291 Mesmaeker13 the Destroyer (level 12, -3/72 (79) HPs)
             Began as an Octopode Conjurer on May 3, 2022.
             Was an Elder of Vehumet.
             Slain by Frances
             ... wielding a +1 dire flail of draining
              (11 damage)
             ... on level 12 of the Dungeon.
             The game lasted 00:45:28 (20586 turns).

Mesmaeker13 the Destroyer (Octopode Conjurer)      Turns: 20586, Time: 00:45:29

HP:   -3/72 (79)    AC:  5    Str:  9    XL:     12   Next: 88%
MP:   16/24         EV: 21    Int: 25    God:    Vehumet [****..]
Gold: 761           SH:  6    Dex: 16    Spells: 5/27 levels left

rFire   . . .      SeeInvis .   N - +10 short sword of Fiokko {venom, Str+2}
rCold   . . .      Faith    .   A - +0 buckler
rNeg    . . .      Spirit   .   (helmet restricted)
rPois   .          Reflect  .   I - amulet of magic regeneration
rElec   .          Harm     .   t - +4 ring of evasion
rCorr   .          Rampage  .   e - +6 ring of dexterity
Will    .....                   y - +4 ring of protection
Stlth   +++.......              (no ring)
HPRegen 0.22/turn               (no ring)
MPRegen 0.59/turn               (no ring)
                                (no ring)
                                (no ring)

@: about to teleport, drained
A: almost no armour, amphibious, 8 rings, camouflage 1, gelatinous body 1,
(nimble swimmer 1), tentacles
a: Renounce Religion


You were on level 12 of the Dungeon.
You worshipped Vehumet.
Vehumet was greatly pleased with you.
You visited 4 branches of the dungeon, and saw 16 of its levels.
You also visited: Ossuary.

You collected 761 gold pieces.

Inventory:

Hand Weapons
 N - the +10 short sword of Fiokko (weapon) {venom, Str+2}
   (You found it on level 1 of the Lair of Beasts)

   It poisons the flesh of those it strikes.
   Str:       It affects your strength (+2).
Armour
 A - a +0 buckler (worn)
 F - a +0 kite shield
Magical Staves
 m - a staff of cold
 G - a staff of fire
Jewellery
 d - an amulet of reflection
 e - a +6 ring of dexterity (right tentacle)
 g - an amulet of regeneration
 t - a +4 ring of evasion (left tentacle)
 y - a +4 ring of protection (on tentacle)
 I - an amulet of magic regeneration (around mantle)
Wands
 b - a wand of flame (3)
 q - a wand of digging (6)
 K - a wand of acid (1)
Scrolls
 a - a scroll of identify
 c - 2 scrolls of noise
 f - a scroll of vulnerability
 h - a scroll of summoning
 i - a scroll of teleportation
 k - a scroll of blinking
 v - a scroll of fog
 w - 4 scrolls of amnesia
 z - 2 scrolls of silence
 B - 3 scrolls of enchant armour
 C - 2 scrolls of magic mapping
Potions
 j - 6 potions of curing
 l - 3 potions of flight
 n - 5 potions of brilliance {unknown}
 o - 2 potions of mutation {unknown}
 p - 4 potions of attraction
 r - 2 potions of might
 u - 2 potions of lignification {unknown}
 x - 2 potions of heal wounds
 D - a potion of resistance {unknown}
 E - a potion of ambrosia {unknown}
 J - 3 potions of cancellation
 L - a potion of berserk rage {unknown}
 M - a potion of haste {unknown}


   Skills:
 + Level 6.2 Fighting
 + Level 8.1 Dodging
 - Level 2.6 Stealth
 - Level 6.0 Shields
 - Level 8.2 Spellcasting
 + Level 11.2 Conjurations
 - Level 6.0 Translocations
 + Level 6.2 Fire Magic
 - Level 5.2 Air Magic
 - Level 5.3 Poison Magic


You had 5 spell levels left.
You knew the following spells:

 Your Spells              Type           Power      Damage    Failure   Level
a - Magic Dart            Conj           100%       1d8       1%          1
c - Iskenderun's Mystic   Conj/Tloc      52%        2d11      1%          4
d - Mephitic Cloud        Conj/Pois/Air  46%        N/A       1%          3
e - Fulminant Prism       Conj/Hex       19%        3d11      2%          4
f - Ignite Poison         Fire/Tmut/Pois 29%        N/A       1%          3
g - Blink                 Tloc           80%        N/A       1%          2
h - Fireball              Conj/Fire      26%        3d12      1%          5

Your spell library contained the following spells:

 Spells                   Type           Power      Damage    Failure   Level
 Flame Wave               Conj/Fire      52%        2d11      1%          4
 Apportation              Tloc           80%        N/A       1%          1
 Searing Ray              Conj           100%       2d8       1%          2
 Conjure Flame            Conj/Fire      52%        6-21      1%          3
 Dazzling Flash           Conj/Hex       76%        N/A       1%          3
 Lesser Beckoning         Tloc           40%        N/A       1%          3
 Stone Arrow              Conj/Erth      76%        3d11      1%          3
 Sticky Flame             Conj/Fire      52%        2d7       1%          4
 Sandblast                Erth           20%        2d7       2%          1
 Freezing Cloud           Conj/Ice/Air   18%        6-21      6%          5
 Call Imp                 Summ           10%        N/A       12%         2
 Passwall                 Tmut/Erth      8%         N/A       12%         2
 Sublimation of Blood     Necr           10%        N/A       12%         2
 Wereblood                Tmut           10%        N/A       12%         2
 Manifold Assault         Tloc           40%        N/A       19%         5
 Tukima's Dance           Hex            10%        N/A       22%         3
 Alistair's Intoxication  Tmut/Pois      15%        N/A       56%         5
 Anguish                  Hex/Necr       5%         N/A       58%         4
 Starburst                Conj/Fire      26%        6d8       9%          6
 Enfeeble                 Hex            5%         N/A       100%        7
 Summon Hydra             Summ           5%         N/A       100%        7
 Ignition                 Fire           20%        3d7       100%        8


Dungeon Overview and Level Annotations

Branches:
Dungeon (12/15)            Temple (1/1) D:6            Lair (1/6) D:10
    Orc (2/2) D:11        Ossuary (visited)
    Elf: Orc:2

Altars:
Ashenzari
Cheibriados
Dithmenos
Elyvilon
Fedhas
Gozag
Hepliaklqana
Kikubaaqudgha
Makhleb
Nemelex Xobeh
Okawaru
Qazlal
Ru
Sif Muna
Trog
Uskayaw
Vehumet
Wu Jian
Xom
Yredelemnul
Zin
The Shining One

Shops:
D:5 :   D:6 (   D:7 (

Annotations:
D:11 exclusion: door
D:12 Frances
Orc:2 Erolcha


Innate Abilities, Weirdness & Mutations

You cannot wear most types of armour.
You are amphibious.
You can wear up to eight rings at the same time.
Your skin changes colour to match your surroundings (Stealth+).
Your rubbery body absorbs attacks. (AC +1, EV +1)
((You are camouflaged when in or above water. (Stealth+)))
You have tentacles for arms and can constrict up to eight enemies at once.


Message History

The fireball explodes!
The fireball engulfs Frances!!
Frances is lightly wounded.
Unknown command.
Casting: Fireball (dangerous; 1% risk of failure)
Confirm with . or Enter, or press ? or * to list all spells.
Aiming: Fireball (dangerous; 1% risk of failure)
Press: ? - help, Shift-Dir - straight line, f/p - Frances
Aim: Frances, wielding a +1 dire flail of draining and wearing a +3 chain mail of poison resistance (lightly wounded)
The fireball explodes!
The fireball engulfs Frances!!
Frances is moderately wounded.
Unknown command.
Casting: Fireball (dangerous; 1% risk of failure)
Confirm with . or Enter, or press ? or * to list all spells.
You erupt in a blast of force!
The mystic blast hits Frances but does no damage.
Frances is moderately wounded.
Frances screams a word of power!
Frances seems to speed up.
Casting: Iskenderun's Mystic Blast (mildly dangerous; 1% risk of failure)
Confirm with . or Enter, or press ? or * to list all spells.
You erupt in a blast of force!
The mystic blast hits Frances!
Frances is moderately wounded.
Frances is knocked back by the mystic blast.
Frances whispers indecipherable words.
Unknown command.
Frances screams a word of power!
Okay, then.
Frances mutters in a terrible tongue.
The iron shot hits you!!
As you read the scroll of teleportation, it crumbles to dust.
You feel strangely unstable.
Frances hits you with a +1 dire flail of draining!!
* * * LOW HITPOINT WARNING * * *
You feel drained.
* * * LOW HITPOINT WARNING * * *
You feel much better.
Frances hits you with a +1 dire flail of draining!!
* * * LOW HITPOINT WARNING * * *
You feel drained.
You die...

#..#
#..#
#.#
#..#
#..#
#.#
#..#
#..#
#.#
####..#
#..#
#.#
......#
#..#
#.#
####..#
#..#
#.#
#..#
#.#
#..#
#.#
#..#
#@#
#..#
#@#
#..#
#.#
####..#
#.# ...
#4# #.#
#3# #.#
. #.#


You could see Frances (fast), a hellwing (summoned) and a smoke demon
(summoned).

Vanquished Creatures
  Harold (Orc:1)
  A boulder beetle (D:11)
  2 hydras
  4 two-headed ogres
  Pikel (D:7)
  A cyclops (D:11)
  3 wolf spiders (Lair:1)
  3 cane toads (Lair:1)
  2 komodo dragons
  Psyche (D:9)
  2 trolls
  2 hornets
  A wraith (D:11)
  A shadow (D:9)
  2 wyverns
  A vampire (D:12)
  19 yaks
  A basilisk (Lair:1)
  A steam dragon (D:8)
  4 water moccasins
  Duvessa (D:4)
  8 orc warriors
  A swamp drake (D:11)
  An ice beast (D:7)
  3 ogres (D:4)
  10 centaurs
  A lemure (D:7)
  5 kobold brigands
  4 elf zombies
  4 bullfrogs
  A gnoll sergeant (D:12)
  A scorpion (D:4)
  A wyvern zombie (D:6)
  Dowan (D:4)
  15 wights
  2 howler monkeys
  2 electric eels (D:11)
  10 centaur zombies
  2 hounds (D:6)
  A centaur skeleton (D:7)
  8 orc priests
  A bullfrog skeleton (D:4)
  7 human zombies
  2 jellies
  A human skeleton (D:5)
  A gnoll shaman (D:9)
  An iguana (D:7)
  8 orc wizards
  A killer bee zombie (D:6)
  A hound skeleton (D:4)
  3 mummies (Ossuary)
  2 howler monkey zombies
  2 howler monkey skeletons (D:4)
  9 gnolls
  14 adders
  2 shadow imps (D:5)
  A white imp (D:6)
  7 worms
  9 dart slugs
  50 orcs
  5 ball pythons
  5 bats
  2 bat zombies (D:9)
  8 endoplasms
  5 giant cockroaches
  8 goblins
  10 hobgoblins
  8 jackals
  28 kobolds
  2 quokkas
  7 frilled lizards
  2 orc zombies (D:5)
  7 rats
  3 rat zombies (D:9)
357 creatures vanquished.

Vanquished Creatures (collateral kills)
  Nessos (D:12)
  A manticore (D:12)
  A yak (Lair:1)
3 creatures vanquished.

Vanquished Creatures (others)
  8 fulminant prisms
  20 fungi (Lair:1)
  87 plants
115 creatures vanquished.

Grand Total: 475 creatures vanquished

Notes
Turn   | Place    | Note
-------+----------+-------------------------------------------
     0 | D:1      | Mesmaeker13 the Octopode Conjurer began the quest for the
                  | Orb.
     0 | D:1      | Reached XP level 1. HP: 11/11 MP: 3/3
   123 | D:1      | Reached XP level 2. HP: 17/17 MP: 0/5
   554 | D:1      | Reached XP level 3. HP: 17/21 MP: 1/6
  1132 | D:2      | Learned a level 2 spell: Searing Ray
  1565 | D:2      | Reached XP level 4. HP: 27/27 MP: 5/8
  1905 | D:2      | Found a faded altar of an unknown god.
  2261 | D:2      | Reached skill level 5 in Conjurations
  2415 | D:2      | Learned a level 4 spell: Iskenderun's Mystic Blast
  2544 | D:3      | Found a shadowy altar of Dithmenos.
  2564 | D:3      | Found an iron altar of Okawaru.
  3057 | D:3      | Reached XP level 5. HP: 31/31 MP: 4/10
  3221 | D:3      | Found an opulent altar of Gozag.
  3262 | D:3      | Reached skill level 1 in Translocations
  3382 | D:3      | Found a basalt altar of Yredelemnul.
  3890 | D:4      | Noticed an ogre
  3895 | D:4      | Killed an ogre
  3896 | D:4      | Reached XP level 6. HP: 36/36 MP: 3/11
  4102 | D:4      | Learned a level 3 spell: Mephitic Cloud
  4326 | D:4      | Reached XP level 7. HP: 41/41 MP: 5/13
  4599 | D:4      | Noticed Duvessa
  4694 | D:4      | Killed Duvessa
  4695 | D:4      | Reached skill level 6 in Conjurations
  4707 | D:4      | Noticed Dowan
  4731 | D:4      | Killed Dowan
  5024 | D:4      | Found a blossoming altar of Fedhas.
  5185 | D:5      | Entered Level 5 of the Dungeon
  5322 | D:5      | Reached skill level 1 in Poison Magic
  5322 | D:5      | Reached XP level 8. HP: 46/46 MP: 2/15
  5350 | D:5      | Found a sand-covered staircase.
  5357 | D:5      | Reached skill level 1 in Air Magic
  5396 | Ossuary  | Entered an ossuary
  5567 | Ossuary  | Reached skill level 5 in Spellcasting
  5996 | D:5      | Reached skill level 5 in Dodging
  6173 | D:5      | Found a sparkling altar of Nemelex Xobeh.
  6227 | D:5      | Found Hykoepli's Book Shop.
  6399 | D:5      | Found a hide-covered altar of Uskayaw.
  6833 | D:6      | Reached skill level 7 in Conjurations
  6833 | D:6      | Reached XP level 9. HP: 33/51 MP: 8/17
  6838 | D:6      | Reached skill level 1 in Shields
  7092 | D:6      | Found Kihen's Antique Weapon Shoppe.
  7242 | D:6      | Found a staircase to the Ecumenical Temple.
  7815 | Temple   | Entered the Ecumenical Temple
  7945 | Temple   | Became a worshipper of Vehumet
  8093 | D:7      | Noticed Pikel
  8243 | D:7      | Killed Pikel
  8244 | D:7      | Reached skill level 5 in Poison Magic
  8375 | D:7      | Reached * piety under Vehumet
  8375 | D:7      | Offered knowledge of Shock by Vehumet.
  9007 | D:7      | Found Taviunie's Weapon Emporium.
  9444 | D:7      | Found a hazy altar of Hepliaklqana.
  9837 | D:8      | Found a sacrificial altar of Ru.
  9847 | D:8      | Reached skill level 8 in Conjurations
  9847 | D:8      | Reached XP level 10. HP: 56/56 MP: 8/19
 10104 | D:8      | Reached skill level 5 in Air Magic
 11260 | D:9      | Noticed a two-headed ogre
 11443 | D:9      | Learned a level 4 spell: Fulminant Prism
 11467 | D:9      | Killed a two-headed ogre
 11638 | D:9      | Reached ** piety under Vehumet
 11638 | D:9      | Offered knowledge of Poisonous Vapours by Vehumet.
 11802 | D:9      | Noticed Psyche
 11810 | D:9      | Killed Psyche
 11873 | D:9      | Reached skill level 5 in Shields
 11953 | D:9      | Reached skill level 5 in Translocations
 12244 | D:9      | Found an ancient bone altar of Kikubaaqudgha.
 12372 | D:9      | Reached skill level 9 in Conjurations
 12379 | D:9      | Reached XP level 11. HP: 61/61 MP: 12/22
 12586 | D:9      | Offered knowledge of Static Discharge by Vehumet.
 12788 | D:9      | Learned a level 3 spell: Ignite Poison
 12958 | D:10     | Entered Level 10 of the Dungeon
 12958 | D:10     | Noticed a two-headed ogre
 12974 | D:10     | Killed a two-headed ogre
 13393 | D:10     | Reached skill level 1 in Fighting
 13393 | D:10     | Reached skill level 1 in Fire Magic
 13399 | D:10     | Found a stormy altar of Qazlal.
 13422 | D:10     | Found a glowing silver altar of Zin.
 13650 | D:10     | Reached *** piety under Vehumet
 14042 | D:10     | Found a staircase to the Lair.
 14303 | D:10     | Found a sparkling altar of Nemelex Xobeh.
 14305 | D:10     | Found a blossoming altar of Fedhas.
 14305 | D:10     | Found an ornate altar of the Wu Jian Council.
 14307 | D:10     | Found a stormy altar of Qazlal.
 14307 | D:10     | Found a shimmering altar of Xom.
 14307 | D:10     | Found a radiant altar of Vehumet.
 14842 | Lair:1   | Entered Level 1 of the Lair of Beasts
 15062 | Lair:1   | Noticed an eight-headed hydra
 15094 | Lair:1   | Learned a level 2 spell: Blink
 15186 | Lair:1   | Learned a level 5 spell: Fireball
 15245 | Lair:1   | Offered knowledge of Hailstorm by Vehumet.
 15245 | Lair:1   | Noticed a wolf spider
 15552 | Lair:1   | Reached skill level 10 in Conjurations
 15919 | Lair:1   | Killed an eight-headed hydra
 16167 | Lair:1   | Killed a wolf spider
 16396 | Lair:1   | Noticed a wolf spider
 16411 | Lair:1   | Killed a wolf spider
 16411 | Lair:1   | Noticed a wolf spider
 16412 | Lair:1   | Reached XP level 12. HP: 42/74 MP: 10/24
 16747 | Lair:1   | Identified the +10 short sword of Fiokko {venom, Str+2}
 17942 | D:11     | Noticed a boulder beetle
 18212 | D:11     | Noticed a two-headed ogre
 18746 | D:11     | Killed a two-headed ogre
 18747 | D:11     | Reached skill level 5 in Fighting
 18747 | D:11     | Reached skill level 5 in Fire Magic
 18758 | D:11     | Reached **** piety under Vehumet
 19092 | D:11     | Offered knowledge of Flame Wave by Vehumet.
 19096 | D:11     | Found a staircase to the Orcish Mines.
 19140 | Orc:1    | Entered Level 1 of the Orcish Mines
 19143 | Orc:1    | Noticed Harold
 19459 | Orc:1    | Killed Harold
 19805 | Orc:2    | Entered Level 2 of the Orcish Mines
 19805 | Orc:2    | Noticed Erolcha
 19857 | D:11     | Killed a boulder beetle
 20142 | D:12     | Noticed an eight-headed hydra
 20148 | D:12     | Killed an eight-headed hydra
 20149 | D:12     | Reached skill level 11 in Conjurations
 20160 | D:12     | Noticed Nessos
 20168 | D:12     | Killed Nessos
 20173 | D:12     | Noticed a two-headed ogre
 20179 | D:12     | Killed a two-headed ogre
 20561 | D:12     | Noticed Frances
 20586 | D:12     | Slain by Frances

Illustrated notes

Levels and vault maps discovered:
D:1:      dpeg_arrival_rooms_a, layout_rooms
D:2:      layout_loops_ring, hellmonk_ecumenical_altar_crossroads,
          hangedman_abyss_or_decor_lesser_grid, dk_noncrumbling_4,
          corexii_shack, bh_walls_and_bars
D:3:      layout_rooms, mainiacjoe_overflow_small_starburst,
          mainiacjoe_overflow_alcove_1, mainiacjoe_overflow_catwalk,
          grunt_gozag_statues, nicolae_wormholes
D:4:      layout_basic, nicolae_overflow_crystal_walls, uniq_duvessa
D:5:      layout_basic, nicolae_uskayaw_dance_hall, amcnicky_altar_gilded,
          serial_shops, nicolae_shop_crystal, nicolae_ossuary_entry_catacombs
D:6:      layout_cave_pools, minmay_temple_entry_slanted, serial_shops,
          kennysheep_mini
D:7:      layout_cave_pools, nicolae_hepliaklqana_hippocampus, serial_shops,
          nicolae_shop_bloodbath_and_beyond, uniq_pikel
D:8:      layout_layer_cave, mainiacjoe_overflow_24_doors, serial_glass,
          glass_columns_b, glass_columns_b, glass_columns_b, glass_columns_a,
          glass_columns_c
D:9:      layout_roguey, lemuel_zombie_altar_kikubaaqudgha, uniq_psyche
D:10:     layout_roguey, doesnt_xom_only_xom, lemuel_round_altar,
          mainiacjoe_overflow_concentric_impassable, david_lair_shrubbed,
          centaur_isle
D:11:     layout_roguey, erik_orc_1, minivault_14
D:12:     layout_small_grid, beargit_elvish_explorers, uniq_nessos,
          uniq_maurice, uniq_frances
Temple:   jpeg_temple_island
Lair:1:   minmay_lair_venomous_thicket, layout_cave_shapes,
          infiniplex_staircase_pool_2, serial_bayou_shore_b
Orc:1:    layout_caves, serial_shops, shop, guppyfry_library_mini, uniq_harold
Orc:2:    st_orc_mages, layout_caves, serial_shops, shop, uniq_erolcha

Skill      XL: |  1  2  3  4  5  6  7  8  9 10 11 12 |
---------------+-------------------------------------+-----
Spellcasting   | 3 4 5 6 7 8 |  8.2
Conjurations   | 5 6 7 8 9 10 11 | 11.2
Translocations | 1 2 3 5 6 |  6.0
Dodging        | 3 4 5 6 8 |  8.1
Poison Magic   | 1 3 5 |  5.3
Air Magic      | 3 4 5 |  5.2
Shields        | 3 5 6 |  6.0
Fighting       | 4 6 |  6.2
Fire Magic     | 4 6 |  6.2
Stealth        | |  2.6

Action                   |  1- 3 |  4- 6 |  7- 9 | 10-12 || total
-------------------------+-------+-------+-------+-------++-------
Melee: Quarterstaff      |     5 |     9 |       |       ||    14
       Constrict         |     3 |     3 |    13 |    13 ||    32
       Tentacles         |     2 |     2 |    27 |    31 ||    62
       Punch             |       |     1 |     1 |     2 ||     4
       Dagger            |       |       |    66 |       ||    66
       Short sword       |       |       |    17 |    98 ||   115
Throw: Javelin           |     2 |       |       |       ||     2
       Dart              |       |       |    14 |     5 ||    19
 Cast: Magic Dart        |    53 |    87 |   136 |   128 ||   404
       Searing Ray       |     3 |    16 |    49 |    47 ||   115
       Mephitic Cloud    |       |       |     9 |    49 ||    58
       Iskenderun's Myst |       |       |     9 |    44 ||    53
       Fulminant Prism   |       |       |       |     8 ||     8
       Ignite Poison     |       |       |       |    15 ||    15
       Fireball          |       |       |       |    35 ||    35
       Blink             |       |       |       |     5 ||     5
Evoke: Wand              |       |       |       |    28 ||    28
  Use: Scroll            |     3 |       |     8 |    15 ||    26
       Potion            |       |       |     3 |     5 ||     8
 Stab: Confused          |       |       |     1 |     2 ||     3
       Sleeping          |       |       |     4 |     1 ||     5
       Paralysed         |       |       |       |     9 ||     9
Armor: Skin              |     1 |       |     7 |     9 ||    17
Dodge: Dodged            |     9 |    15 |   121 |   153 ||   298
Block: Buckler           |       |       |    24 |   107 ||   131
       Reflection        |       |       |     3 |    13 ||    16
